 Dungeon Crawl Stone Soup version 0.24-a0-525-g9231cdc (webtiles) character file.

Game seed: 5408616879079496052

113269 Faca the Impaler (level 16, -12/141 HPs)
             Began as a Merfolk Gladiator on Apr 23, 2019.
             Was the Champion of Okawaru.
             Killed from afar by a starcursed mass (13 damage)
             ... with an accursed screaming
             ... on level 3 of the Abyss on Aug 4, 2019.
             The game lasted 02:02:10 (36532 turns).

Faca the Impaler (Merfolk Gladiator)               Turns: 36532, Time: 02:02:10

Health: -12/141    AC: 22    Str: 17    XL:     16   Next: 62%
Magic:  23/23      EV: 18    Int:  8    God:    Okawaru [******]
Gold:   2075       SH: 16    Dex: 19    Spells: 15/15 levels left

rFire    . . .     SeeInvis +   h - +1 demon trident (freeze)
rCold    + . .     Gourm    .   c - +0 shield
rNeg     . . .     Faith    .   r - +2 ring mail {rPois}
rPois    +         Spirit   .   Q - +2 helmet {SInv}
rElec    .         Reflect  +   M - +2 cloak {rC+}
rCorr    .         Harm     .   l - +0 pair of gloves
MR       +....                  F - +1 pair of boots {Fly}
Stlth    +.........             V - +3 amulet of reflection
HPRegen  0.33/turn              (no ring)
MPRegen  0.18/turn              p - +4 ring of protection

@: about to teleport
A: change form in water, swift swim, stealthy swim
a: Heroism, Finesse, Renounce Religion, Evoke Flight


You were on level 3 of the Abyss.
You worshipped Okawaru.
Okawaru was exalted by your worship.
You were not hungry.

You visited 4 branches of the dungeon, and saw 23 of its levels.
You visited the Abyss 1 time.
You also visited: Ice Cave.

You collected 2394 gold pieces.
You spent 319 gold pieces at shops.

Inventory:

Hand Weapons
 a - the +4 spear "Ahij Arph" {pierce, rElec rF+ MP+9}
   (You found it on level 6 of the Lair of Beasts)

   It inflicts extra damage upon your enemies.
   It protects you from fire.
   It insulates you from electricity.
   It affects your magic capacity (+9).
 h - a +1 demon trident of freezing (weapon)
 D - a +1 demon trident of venom
Missiles
 d - 8 throwing nets
 e - 17 silver javelins
 t - 4 javelins
 J - 7 silver boomerangs (quivered)
Armour
 c - a +0 shield (worn)
 l - a +0 pair of gloves (worn)
 r - a +2 ring mail of poison resistance (worn)
 F - a +1 pair of boots of flying (worn)
 M - a +2 cloak of cold resistance (worn)
 Q - a +2 helmet of see invisible (worn)
Jewellery
 p - a +4 ring of protection (right hand)
 C - a cursed -2 ring of dexterity {unknown}
 P - an uncursed ring of protection from magic
 R - the ring "Futirone" {rElec rF+ Int+4}
   (You found it on level 6 of the Lair of Beasts)

   [ring of protection from fire]

   It affects your intelligence (+4).
   It protects you from fire.
   It insulates you from electricity.
 V - a +3 amulet of reflection (around neck)
Wands
 q - a wand of paralysis (22)
 u - a wand of digging (5)
 z - a wand of clouds (9)
 S - a wand of iceblast (34)
Scrolls
 b - 9 scrolls of remove curse
 i - 2 scrolls of teleportation
 n - 3 scrolls of enchant weapon
 o - a scroll of fear
 s - a scroll of blinking
 w - a scroll of brand weapon
 y - 2 scrolls of magic mapping
 A - 6 scrolls of fog
 B - a scroll of silence
Potions
 g - 5 potions of curing
 j - 2 potions of mutation
 k - 2 potions of lignification
 m - 3 potions of berserk rage
 v - 3 potions of brilliance
 x - 2 potions of cancellation
 E - 3 potions of haste
 G - 2 potions of resistance
 I - a potion of ambrosia
 K - a potion of invisibility
 L - 3 potions of agility
 N - a potion of flight
 T - 3 potions of might
Comestibles
 f - 29 rations


   Skills:
 + Level 17.0 Fighting
 + Level 18.2 Polearms
 - Level 10.0 Throwing
 - Level 5.0 Armour
 + Level 10.0 Dodging
 + Level 12.8 Shields
 - Level 10.0 Invocations


You had 15 spell levels left.
You didn't know any spells.
Your spell library contained the following spells:

 Spells                   Type           Power        Failure   Level  Hunger
 Animate Skeleton         Necr           N/A          69%         1    ##.....
 Beastly Appendage        Tmut           #.....       69%         1    ##.....
 Pain                     Necr           #...         69%         1    ##.....
 Sandblast                Erth           #.....       69%         1    ##.....
 Passwall                 Tmut/Erth      #.......     83%         2    ###....
 Sticks to Snakes         Tmut           #.......     83%         2    ###....
 Regeneration             Chrm/Necr      #.........   96%         3    ####...
 Spider Form              Tmut/Pois      #.........   96%         3    ####...
 Stone Arrow              Conj/Erth      #.....       96%         3    ####...
 Vampiric Draining        Necr           #.........   96%         3    ####...
 Animate Dead             Necr           N/A          100%        4    #####..
 Ice Form                 Ice/Tmut       #.......     100%        4    #####..
 Petrify                  Tmut/Erth      #.......     100%        4    #####..
 Blade Hands              Tmut           #.........   100%        5    ######.
 Lee's Rapid Deconstruct  Erth           #.........   100%        5    ######.


Dungeon Overview and Level Annotations

Branches:
Dungeon (14/15)            Temple (1/1) D:5            Lair (6/6) D:8
  Swamp (0/4) Lair:3        Snake (0/4) Lair:2        Slime (0/5) Lair:5
    Orc (2/2) D:11            Elf (0/3) Orc:2
 Vaults: D:13-14

Altars:
Ashenzari
Cheibriados
Dithmenos
Elyvilon
Fedhas
Gozag
Hepliaklqana
Kikubaaqudgha
Makhleb
Nemelex Xobeh
Okawaru
Qazlal
Ru
Sif Muna
Trog
Uskayaw
Vehumet
Wu Jian
Xom
Yredelemnul
Zin
The Shining One
Beogh

Shops:
D:9 :   D:12 *   Orc:2 }?(*

Portals:
Pandemonium: Orc:2

Annotations:
D:14 Louise
Lair:3 exclusion: oklob plant
Orc:1 2 transporters, relicbr's ghost, journeyman MiGl


Message History

* * * LOW HITPOINT WARNING * * *
You suddenly lose the ability to move!
A cacophony of accursed wailing tears at your sanity!
* * * LOW HITPOINT WARNING * * *
The starcursed mass engulfs you but does no damage.
You can move again.
Unknown command.
The smoke demon gestures at you. Something smites you!
* * * LOW HITPOINT WARNING * * *
Unknown command.
You feel better.
You block the small abomination's attack.
You block the starcursed mass's attack. The smoke demon gestures at you.
Something smites you!
* * * LOW HITPOINT WARNING * * *
A starcursed mass splits.
A cacophony of accursed wailing tears at your sanity!
You die...

#. #. #... .#. ... ## #
.##..#.XX 8... ## .## #
.#≈.##
..8..#.##.########...##
..........C...X...5.
#.#
......#.XX.XXX.....X# #
.......@xXXXX3.### 3∩
#Z ##...#######CX.#
#C##W# #. #...# #.# ##
.####. .# #.##.# ....
...3####..## .....
...... ..#C# .... ..
.......# #
######...###. ..≈.
#...# #......


You could see 10 starcursed masses, 2 ettins, a thrashing horror, a smoke demon
and a small abomination.

Vanquished Creatures
  A tentacled starspawn (Abyss:3)
  An orc warlord (Orc:2)
  A draconian stormcaller (Abyss:3)
  A reaper (IceCv)
  A stone giant (Orc:1)
  Josephine (Lair:4)
  A fire dragon (Lair:6)
  Harold (D:11)
  6 hydras
  3 two-headed ogres
  4 centaur warriors
  3 catoblepae
  9 death yaks (Lair:6)
  2 thrashing horrors (Abyss:3)
  6 orc high priests
  A soul eater (Orc:2)
  A sixfirhy (Orc:2)
  3 infernal demonspawn (Orc:2)
  An unseen horror (D:12)
  A flayed ghost (D:13)
  A swamp dragon (Lair:6)
  A lindwurm (Lair:6)
  A wizard (D:13)
  10 deep elf magi
  6 orc knights
  9 orc sorcerers (Orc:2)
  3 ugly things
  A salamander (shapeshifter) (D:13)
  6 cyclopes
  Maurice (D:9)
  8 elephants
  A rust devil (Orc:2)
  A black mamba (shapeshifter) (D:13)
  3 manticores
  3 black mambas
  4 centaur zombies
  2 ice statues (IceCv)
  2 gargoyles
  12 spiny frogs
  A freezing wraith (D:13)
  14 komodo dragons
  8 rime drakes (Lair:6)
  15 ice devils
  3 polar bears
  3 meliai (D:13)
  7 trolls
  A raiju (Abyss:3)
  21 hippogriffs
  6 hornets
  13 dream sheep
  Prince Ribbit (D:9)
  14 blink frogs
  3 bog bodies (Lair:3)
  8 wraiths
  Sigmund (D:2)
  A ynoxinul (Orc:2)
  A shadow (D:13)
  48 yaks
  4 wyverns
  11 basilisks
  3 steam dragons
  3 vampire mosquitoes (D:13)
  Edmund (D:6)
  A neqoxec (Orc:2)
  2 hungry ghosts
  9 wargs
  A harpy simulacrum (Abyss:3)
  2 acid dragons
  2 swamp worms (Lair:3)
  14 water moccasins
  15 porcupines
  A swamp drake (Lair:6)
  4 black bears
  4 ice beasts
  A sky beast (D:6)
  35 orc warriors
  5 phantoms
  4 necrophages
  11 ogres
  12 wolves (Lair:6)
  8 centaurs
  18 crocodiles
  A big kobold (D:10)
  Blork the orc (D:4)
  14 bullfrogs
  A wyvern skeleton (D:3)
  5 scorpions
  22 killer bees
  5 wights (D:13)
  2 electric eels
  2 small abominations (Abyss:3)
  6 crimson imps
  5 bullfrog zombies
  A quasit (Abyss:3)
  30 orc priests
  9 jellies
  5 hounds
  6 centaur skeletons
  A bullfrog skeleton (D:6)
  Jessica (D:2)
  10 orc wizards
  7 hell rats (Lair:4)
  5 iguanas
  7 worker ants
  A statue (D:8)
  3 hound skeletons
  A mummy (D:12)
  A howler monkey zombie (D:6)
  Robin (D:3)
  8 gnolls
  4 river rats (D:7)
  16 adders
  7 shadow imps
  8 white imps (IceCv)
  6 ufetubi (IceCv)
  8 oozes
  3 adder zombies
  3 worms
  A dart slug (D:3)
  6 leopard geckos
  77 orcs
  3 giant cockroaches
  14 goblins
  8 hobgoblins
  9 jackals
  7 quokkas
  3 ball pythons (Lair:2)
  A ball python zombie (D:5)
  7 bats
  5 frilled lizards
  A jackal skeleton (D:5)
  19 kobolds
  2 quokka zombies
  8 rats
850 creatures vanquished.

Vanquished Creatures (others)
  A cyclops (D:13)
  A swamp drake (Lair:6)
  2 centaurs (D:14)
  A scorpion (D:11)
  2 white imps (IceCv)
  3 ufetubi (IceCv)
  3 orcs (Orc:1)
  A quokka (D:9)
  2 bushes
  34 fungi
  24 plants
  4 starspawn tentacles (Abyss:3)
  8 toadstools (D:4)
86 creatures vanquished.

Grand Total: 936 creatures vanquished

Notes
Turn   | Place    | Note
-------+----------+-------------------------------------------
     0 | D:1      | Faca the Merfolk Gladiator began the quest for the Orb.
     0 | D:1      | Reached XP level 1. HP: 16/16 MP: 1/1
   168 | D:1      | Reached XP level 2. HP: 22/23 MP: 2/2
   251 | D:1      | You fall through a shaft!
   254 | D:2      | Noticed Sigmund
   675 | D:2      | Reached skill level 5 in Polearms
   998 | D:2      | Reached XP level 3. HP: 29/29 MP: 3/3
  1226 | D:2      | Noticed Jessica
  1245 | D:2      | Killed Jessica
  1245 | D:2      | Reached XP level 4. HP: 19/37 MP: 4/4
  1260 | D:2      | Reached skill level 6 in Polearms
  1680 | D:2      | You fall through a shaft!
  1750 | D:3      | Noticed Robin
  1753 | D:3      | Reached XP level 5. HP: 29/42 MP: 5/5
  1758 | D:2      | Found an opulent altar of Gozag.
  1758 | D:2      | Found a shimmering altar of Xom.
  2037 | D:2      | Killed Sigmund
  2037 | D:2      | Reached skill level 5 in Fighting
  2037 | D:2      | Reached skill level 7 in Polearms
  2037 | D:2      | Reached XP level 6. HP: 32/51 MP: 6/6
  2429 | D:3      | Killed Robin
  2552 | D:3      | Reached skill level 8 in Polearms
  2883 | D:4      | Upgraded the game from 0.24-a0-271-ga0fc33f to
                  | 0.24-a0-525-g9231cdc
  3130 | D:4      | Reached XP level 7. HP: 42/57 MP: 7/7
  3502 | D:4      | Reached skill level 9 in Polearms
  3537 | D:4      | Noticed Blork the orc
  3550 | D:4      | Killed Blork the orc
  3791 | D:4      | Found a shattered altar of Ashenzari.
  4133 | D:5      | Entered Level 5 of the Dungeon
  4382 | D:5      | Found a staircase to the Ecumenical Temple.
  4401 | Temple   | Entered the Ecumenical Temple
  4845 | D:5      | Reached XP level 8. HP: 61/67 MP: 8/8
  5030 | D:5      | Reached skill level 10 in Polearms
  5310 | D:6      | Reached skill level 11 in Polearms
  5372 | D:6      | Reached XP level 9. HP: 58/75 MP: 9/9
  5377 | D:6      | Reached skill level 1 in Shields
  5497 | D:6      | Reached skill level 12 in Polearms
  5649 | D:6      | Found an ornate altar of the Wu Jian Council.
  6063 | D:6      | Noticed Edmund
  6083 | D:6      | Killed Edmund
  6339 | D:6      | Found a sacrificial altar of Ru.
  6516 | D:7      | Found an iron altar of Okawaru.
  6808 | D:7      | Became a worshipper of Warmaster Okawaru
  6843 | D:7      | Found a radiant altar of Vehumet.
  7267 | D:7      | Found a sparkling altar of Nemelex Xobeh.
  7464 | D:7      | Reached * piety under Okawaru
  7464 | D:7      | Reached skill level 10 in Fighting
  7464 | D:7      | Reached skill level 13 in Polearms
  7589 | D:8      | Found a blossoming altar of Fedhas.
  7689 | D:8      | Found an iron altar of Okawaru.
  7708 | D:8      | Reached XP level 10. HP: 85/85 MP: 10/10
  7761 | D:8      | Found a radiant altar of Vehumet.
  7802 | D:8      | Found a staircase to the Lair.
  7872 | D:7      | Reached skill level 5 in Shields
  8245 | D:8      | Reached ** piety under Okawaru
  8398 | D:8      | Reached skill level 14 in Polearms
  8974 | D:8      | Reached *** piety under Okawaru
  9058 | D:9      | Noticed Prince Ribbit
  9097 | D:9      | Killed Prince Ribbit
  9150 | D:9      | Paralysed by a hornet for 3 turns
  9987 | D:8      | Reached skill level 1 in Invocations
 10153 | D:8      | Reached XP level 11. HP: 59/93 MP: 10/12
 10241 | D:8      | Reached **** piety under Okawaru
 10468 | D:10     | Entered Level 10 of the Dungeon
 11022 | D:9      | Found a white marble altar of Elyvilon.
 11209 | D:9      | Noticed Maurice
 11245 | D:9      | Paralysed by something for 5 turns
 11344 | D:9      | Killed Maurice
 11447 | D:9      | Found Lipaagg's Book Boutique.
 11748 | D:10     | Noticed a two-headed ogre
 11764 | D:10     | Killed a two-headed ogre
 12077 | D:10     | Reached ***** piety under Okawaru
 12613 | D:10     | Reached skill level 5 in Invocations
 12805 | D:11     | Noticed Harold
 13662 | D:11     | Received a gift from Okawaru
 14506 | D:11     | Found a staircase to the Orcish Mines.
 14598 | D:11     | Noticed a green ugly thing
 14614 | D:11     | Killed a green ugly thing
 14755 | D:11     | Killed Harold
 15004 | Lair:1   | Entered Level 1 of the Lair of Beasts
 15009 | Lair:1   | Reached XP level 12. HP: 102/102 MP: 17/17
 15307 | Lair:1   | Received a gift from Okawaru
 15446 | Lair:1   | Noticed a seven-headed hydra
 15464 | Lair:1   | Killed a seven-headed hydra
 15700 | Lair:1   | Received a gift from Okawaru
 15951 | Lair:1   | Reached skill level 10 in Shields
 16248 | Lair:1   | Reached skill level 15 in Polearms
 16538 | Lair:2   | Found a staircase to the Snake Pit.
 17397 | Lair:3   | Received a gift from Okawaru
 17427 | Lair:3   | Reached ****** piety under Okawaru
 17457 | Lair:3   | Found a frozen archway.
 17487 | IceCv    | Entered an ice cave
 17793 | IceCv    | Reached skill level 16 in Polearms
 18243 | IceCv    | Reached XP level 13. HP: 108/108 MP: 20/20
 18330 | IceCv    | Reached skill level 10 in Invocations
 18447 | IceCv    | Reached skill level 1 in Armour
 18608 | IceCv    | Noticed a reaper
 18692 | IceCv    | Killed a reaper
 19676 | Lair:3   | Found a staircase to the Swamp.
 21261 | Lair:4   | Reached skill level 5 in Throwing
 21291 | Lair:4   | Noticed Josephine
 21308 | Lair:4   | Killed Josephine
 21331 | Lair:4   | Received a gift from Okawaru
 21337 | Lair:4   | Got a heavily runed hat {god gift}
 21348 | Lair:4   | Identified the +0 hat of Fortification {Str+5} (Okawaru
                  | gifted it to you on level 4 of the Lair of Beasts)
 22385 | Lair:5   | Found a staircase to the Slime Pits.
 22670 | Lair:5   | Reached XP level 14. HP: 75/118 MP: 21/21
 23121 | Lair:6   | Entered Level 6 of the Lair of Beasts
 23552 | Lair:6   | Reached skill level 5 in Armour
 24005 | Lair:6   | Received a gift from Okawaru
 24245 | Lair:6   | Identified the +4 spear "Ahij Arph" {pierce, rElec rF+
                  | MP+9} (You found it on level 6 of the Lair of Beasts)
 25233 | Lair:6   | Received a gift from Okawaru
 25278 | Lair:6   | Received a gift from Okawaru
 25284 | Lair:6   | Reached skill level 15 in Fighting
 25726 | Lair:6   | Received a gift from Okawaru
 26679 | Lair:6   | Got a steaming bronze ring
 26680 | Lair:6   | Identified the ring "Futirone" {rElec rF+ Int+4} (You found
                  | it on level 6 of the Lair of Beasts)
 26697 | Lair:6   | Reached skill level 10 in Throwing
 26697 | Lair:6   | Reached XP level 15. HP: 123/129 MP: 22/22
 26742 | Lair:6   | Received a gift from Okawaru
 27142 | Orc:1    | Entered Level 1 of the Orcish Mines
 27200 | Orc:1    | Found a transporter.
 27644 | Orc:1    | Found a transporter.
 27646 | Orc:1    | Identified the +2 battleaxe "Xawaunibe" {vamp, -Tele rElec
                  | MP+9 Int+5}
 27649 | Orc:1    | Noticed relicbr's ghost (journeyman MiGl)
 27653 | Orc:1    | Found a bloodstained altar of Trog.
 28419 | Orc:1    | Reached skill level 5 in Dodging
 29392 | Orc:2    | Entered Level 2 of the Orcish Mines
 29658 | Orc:2    | Found a roughly hewn altar of Beogh.
 29733 | Orc:2    | Found a staircase to the Elven Halls.
 29845 | Orc:2    | Received a gift from Okawaru
 30170 | Orc:2    | Found Vuatin's Magic Scroll Boutique.
 30172 | Orc:2    | Found Jocooran's General Store.
 30307 | Orc:2    | Bought a scroll of blinking for 90 gold pieces
 31623 | Orc:2    | Reached skill level 17 in Polearms
 31878 | Orc:2    | Found Ycycux's Gadget Shoppe.
 31878 | Orc:2    | Found Puissef's Antique Weapon Emporium.
 31879 | Orc:2    | Found a one-way gate leading to the halls of Pandemonium.
 32225 | Orc:2    | Noticed an orc warlord
 32324 | Orc:2    | Killed an orc warlord
 32633 | Orc:2    | Found a roughly hewn altar of Beogh.
 33144 | D:12     | Received a gift from Okawaru
 33144 | D:12     | Reached XP level 16. HP: 108/139 MP: 23/23
 33512 | D:12     | Found Lysh's Assorted Antiques.
 33534 | D:12     | Bought a viscous yellow potion for 26 gold pieces
 33534 | D:12     | Bought a tubular peridot ring for 145 gold pieces
 33534 | D:12     | Bought a scroll of identify for 58 gold pieces
 35314 | D:13     | Received a gift from Okawaru
 35821 | D:14     | Received a gift from Okawaru
 35821 | D:14     | Reached skill level 18 in Polearms
 36106 | D:14     | Noticed Louise
 36116 | D:14     | Cast into level 3 of the Abyss (Louise)
 36217 | Abyss:3  | Found a corrupted altar of Lugonu.
 36437 | Abyss:3  | Noticed a tentacled starspawn
 36452 | Abyss:3  | Killed a tentacled starspawn
 36452 | Abyss:3  | Reached skill level 10 in Dodging
 36528 | Abyss:3  | Paralysed by accursed screaming for 2 turns
 36530 | Abyss:3  | HP: 4/141 [smoke demon/divine providence (16)]
 36531 | Abyss:3  | HP: 1/141 [smoke demon/divine providence (14)]
 36532 | Abyss:3  | Killed from afar by a starcursed mass

Levels and vault maps discovered:
D:1:      dpeg_arrival_lava_altar, layout_loops_ring, serial_park_tiny_pond
D:2:      layout_loops_ring, grunt_temple_overflow_open, minmay_pentomino_v2,
          uniq_jessica, uniq_sigmund
D:3:      layout_rooms, uniq_robin
D:4:      cheibrodos_fertilizer, layout_loops_ring, kennysheep_little_box,
          amethyst_killhole, uniq_blork_the_orc
D:5:      layout_basic, minmay_temple_entry_grid, first_ration
D:6:      layout_loops_ring, nicolae_overflow_hidden_temple,
          nicolae_ru_the_path_less_chosen, uniq_edmund
D:7:      wad_woods_stonehenge, layout_rooms, kennysheep_mini, basic_altar
D:8:      minmay_general_purpose_star, layout_basic, vehumet_statue,
          lemuel_crystal_altar, minmay_lair_entry_grove, basic_altar
D:9:      layout_layer_cave, elyvilon_altar_4, serial_shops,
          nicolae_shop_behind_doors, uniq_maurice, uniq_prince_ribbit1
D:10:     layout_basic
D:11:     layout_rooms, orc_0_dummy, uniq_harold
D:12:     layout_small_grid, serial_undead, serial_undead_c, serial_undead_e,
          serial_undead_a, serial_undead_b, serial_shops,
          nicolae_shop_overgrown_old_shop, hangedman_pestilent_swarm
D:13:     minmay_the_grid_square_5x5_4x4 [minmay_the_grid_square_5x5_checkered,
          minmay_the_grid_square_5x5_broken_cross,
          minmay_the_grid_square_5x5_pentomino_r,
          minmay_the_grid_square_5x5_forky, minmay_the_grid_square_5x5_plus,
          minmay_the_grid_square_5x5_prize_deathbox,
          minmay_the_grid_square_5x5_prize_itemx,
          minmay_the_grid_square_5x5_shuriken,
          minmay_the_grid_square_5x5_half_checkered,
          minmay_the_grid_square_5x5_prize_waves,
          minmay_the_grid_square_5x5_prize_open,
          minmay_the_grid_square_5x5_sharp_hourglass,
          minmay_the_grid_square_5x5_bracketed, minmay_the_grid_square_5x5_z,
          minmay_the_grid_square_5x5_misaligned,
          minmay_the_grid_square_5x5_detours], layout_basic
D:14:     layout_roguey, david_vaults_5, uniq_azrael, uniq_louise
Temple:   eino_narrow_crystal_temple
Lair:1:   layout_gridlike, infiniplex_staircase_pool, grunt_megastairs_5
Lair:2:   layout_cave_shapes, minmay_snake_entry_six_corridors
Lair:3:   layout_layer_cave, nicolae_swamp_entry_splash_gauntlet,
          portal_ice_cave_demonic_guard, grunt_megastairs_1
Lair:4:   layout_regular_city, guppyfry_lair_drakes, serial_bayou_shore_a,
          uniq_josephine
Lair:5:   layout_roguey, nicolae_slime_entry_slimehenge
Lair:6:   guppyfry_lair_end_dragon, layout_misc_corridors,
          hangedman_lair_in_review
Orc:1:    layout_diamond_mine, gammafunk_ghost_wrathful_warriors,
          elves_outpost_lemuel
Orc:2:    pf_orc_diabolical, layout_caves, basic_altar, bh_open_orc_temple
Abyss:3:  hangedman_abyss_overflow_altar, patterned_corridor,
          nicolae_abyss_rune_left_handed

Skill      XL: |  1  2  3  4  5  6  7  8  9 10 11 12 13 14 15 16 |
---------------+-------------------------------------------------+-----
Polearms       | 5 6 7 8 9 11 13 14 16 17 18 | 18.2
Fighting       | 3 4 5 7 8 10 11 12 13 15 16 17 | 17.0
Shields        | 4 6 9 11 12 | 12.8
Invocations    | 1 7 9 10 | 10.0
Armour         | 4 5 |  5.0
Throwing       | 6 10 | 10.0
Dodging        | 8 10 | 10.0

Action                   |  1- 3 |  4- 6 |  7- 9 | 10-12 | 13-15 | 16-18 || total
-------------------------+-------+-------+-------+-------+-------+-------++-------
Melee: Trident           |   113 |   208 |   571 |   731 |       |       ||  1623
       Demon trident     |       |       |       |   409 |  1802 |   568 ||  2779
       Tailslap          |       |       |       |       |    12 |     4 ||    16
Throw: Throwing net      |       |     4 |       |       |       |       ||     4
       Boomerang         |       |     2 |       |     7 |     4 |       ||    13
       Dart              |       |       |     3 |    44 |       |       ||    47
Invok: Heroism           |       |       |       |     6 |     6 |       ||    12
 Abil: Stop Flying       |       |       |       |       |       |     1 ||     1
  Use: Scroll            |       |       |    16 |     8 |     7 |     8 ||    39
       Potion            |       |       |       |     2 |       |     6 ||     8
 Stab: Sleeping          |       |       |       |     4 |       |     1 ||     5
       Distracted        |       |       |       |     1 |     2 |       ||     3
       Confused          |       |       |       |       |     2 |       ||     2
       Petrifying        |       |       |       |       |     1 |       ||     1
       Petrified         |       |       |       |       |     2 |     2 ||     4
  Eat: Chunk             |     1 |     6 |     9 |    21 |    36 |    11 ||    84
       Ration            |       |       |     2 |     5 |     3 |       ||    10
Armor: Ring mail         |    44 |    54 |   125 |   122 |    41 |    73 ||   459
       Steam dragon scal |       |       |       |    90 |       |       ||    90
       Skin              |       |       |       |     9 |       |       ||     9
       Chain mail        |       |       |       |    27 |   360 |       ||   387
Dodge: Dodged            |    53 |   108 |   165 |   318 |   355 |   139 ||  1138
Block: Shield            |       |       |    81 |   447 |   610 |   293 ||  1431
       Reflection        |       |       |       |       |       |    18 ||    18

Table legend:
 A = Non-vault XP
 B = Vault XP
 C = Vault XP percentage of total XP
 D = Non-vault monster count
 E = Vault monster count
 F = Vault count percentage of total count
                 A         B        C        D         E       F
            +---------+---------+-------+---------+---------+-------
      Total |   84639 |   77175 |  47.7 |     555 |     300 |  35.1
            +---------+---------+-------+---------+---------+-------
        D:1 |      21 |       0 |   0.0 |      14 |       0 |   0.0
        D:2 |      85 |     269 |  76.0 |      26 |       7 |  21.2
        D:3 |     156 |      31 |  16.6 |      18 |       9 |  33.3
        D:4 |     211 |     268 |  55.9 |      10 |      16 |  61.5
        D:5 |     300 |       0 |   0.0 |      10 |       0 |   0.0
        D:6 |    1792 |     176 |   8.9 |      35 |       1 |   2.8
        D:7 |     859 |     376 |  30.4 |      18 |      10 |  35.7
        D:8 |    1955 |    2270 |  53.7 |      24 |      15 |  38.5
        D:9 |    1600 |     755 |  32.1 |      19 |       2 |   9.5
       D:10 |    4228 |       0 |   0.0 |      53 |       0 |   0.0
       D:11 |    2891 |     997 |  25.6 |      17 |       1 |   5.6
       D:12 |    5041 |    1393 |  21.7 |      28 |       9 |  24.3
       D:13 |    3897 |   14905 |  79.3 |      30 |      38 |  55.9
       D:14 |    4127 |       0 |   0.0 |      17 |       0 |   0.0
     Lair:1 |    2936 |    1167 |  28.4 |      13 |       7 |  35.0
     Lair:2 |    4215 |    1978 |  31.9 |      19 |      14 |  42.4
     Lair:3 |    4585 |    2350 |  33.9 |      18 |      10 |  35.7
     Lair:4 |    5310 |    2539 |  32.3 |      30 |       8 |  21.1
     Lair:5 |    8158 |     193 |   2.3 |      31 |       6 |  16.2
     Lair:6 |   17096 |   15488 |  47.5 |      48 |      36 |  42.9
      Orc:1 |    7295 |    5233 |  41.8 |      42 |       9 |  17.6
      Orc:2 |    3937 |   18180 |  82.2 |      26 |      71 |  73.2
    Abyss:3 |    3944 |    2566 |  39.4 |       9 |       2 |  18.2
      IceCv |       0 |    6041 | 100.0 |       0 |      29 | 100.0
            +---------+---------+-------+---------+---------+-------
